 Dungeon Crawl Stone Soup version 0.22.0-27-ga576289 (console) character file.

30 removed the Firebug (level 3, 0/16 HPs)
             Began as a Vine Stalker Fire Elementalist on Aug 22, 2018.
             Slain by a jackal (1 damage)
             ... on level 2 of the Dungeon.
             The game lasted 00:02:17 (1329 turns).

removed the Firebug (VSFE)                          Turns: 1329, Time: 00:02:18

Health: 0/16       AC:  2    Str: 10    XL:     3   Next: 20%
Magic:  0/7        EV: 11    Int: 16    God:
Gold:   64         SH:  0    Dex: 14    Spells: 5/6 levels left

rFire    . . .     SeeInvis .   a - +0 dagger
rCold    . . .     Gourm    .   (no shield)
rNeg     . . .     Faith    .   g - +0 robe
rPois    .         Spirit   +   (no helmet)
rElec    .         Reflect  .   (no cloak)
rCorr    .         Harm     .   (no gloves)
MR       .....                  (no boots)
Stlth    ++........             (no amulet)
HPRegen  0.05/turn              (no ring)
MPRegen  0.10/turn              (no ring)

@: very slightly contaminated, heavily drained
A: fangs 2, magic shield, antimagic bite, no potion heal 3, rot immunity
a: no special abilities


You were on level 2 of the Dungeon.
You were hungry.

You visited 1 branch of the dungeon, and saw 2 of its levels.

You collected 64 gold pieces.

Inventory:

Hand Weapons
 a - a +0 dagger (weapon)
 j - a +0 short sword
 o - a +0 vampiric whip
Armour
 g - a +0 robe (worn)
Scrolls
 d - a scroll of immolation {unknown}
 e - 3 scrolls of teleportation {unknown}
 f - 2 scrolls of identify {unknown}
 k - a scroll of enchant weapon {unknown}
 m - 3 scrolls of noise {unknown}
Potions
 i - 2 potions of cancellation {unknown}
 l - a potion of lignification {unknown}
Comestibles
 c - 2 rations


   Skills:
 - Level 1.5(0.2) Dodging
 - Level 2.4(1.0) Stealth
 - Level 2.1(0.8) Spellcasting
 + Level 3.0(1.6) Conjurations
 - Level 3.0(1.5) Fire Magic


You had 5 spell levels left.
You knew the following spells:

 Your Spells              Type           Power        Failure   Level  Hunger
a - Flame Tongue          Conj/Fire      #....        12%         1    ##.....

Your spell library contained the following spells:

 Spells                   Type           Power        Failure   Level  Hunger
 Throw Flame              Conj/Fire      #.....       19%         2    ###....
 Conjure Flame            Conj/Fire      #.......     36%         3    ####...
 Inner Flame              Hex/Fire       #.......     45%         3    ####...
 Sticky Flame             Conj/Fire      #.......     77%         4    #####..
 Fireball                 Conj/Fire      #.........   98%         5    ######.


Dungeon Overview and Level Annotations

Branches:
Dungeon (2/15)

Altars:

Annotations:
D:2 exclusion: adder


Innate Abilities, Weirdness & Mutations

You have extremely sharp teeth.
When hurt, damage is shared between your health and your magic reserves.
Your bite disrupts and absorbs the magic of your enemies.
Potions cannot restore your health.
You are immune to rotting.


Message History

The kobold barely misses you.
You closely miss the kobold. Your bite misses the kobold.
The kobold is severely wounded.
The kobold hits you with a dagger.
* * * LOW HITPOINT WARNING * * *
Casting: Flame Tongue (safe; 12% risk of failure)
Confirm with . or Enter, or press ? or * to list all spells.
Aiming: Flame Tongue (safe; 12% risk of failure)
Press: ? - help, Shift-Dir - straight line, f/p - kobold
Aim: a kobold, wielding a dagger (severely wounded)
The flame tongue hits the kobold.
You kill the kobold!
You hit the jackal. Your bite misses the jackal.
The jackal is moderately wounded.
The jackal bites you.
* * * LOW HITPOINT WARNING * * *
The jackal bites you but does no damage.
Okay, then.
The jackal bites you.
You die...

..# ##+###.# #.# ##..[...
#### #.# ......S..# .
.....##.####.##.... .#+#.
..h.h............. .....
......#)##...###.###.....
##....#h##...+..........#
#... #.h#...#...รท......#
#... ##@#...#......#####
..). #.....#......#####
##.. ##....#......##...
#....#......##...
#..###......##...
#######.#####+#.......
....................##
....#.##[####.#.....# .(
#. #..# #.#.....#


You could see 2 jackals.

Vanquished Creatures
  2 leopard geckos (D:1)
  2 bats
  3 giant cockroaches
  3 goblins
  2 hobgoblins
  4 jackals (D:2)
  4 kobolds
  3 frilled lizards
  2 rats (D:1)
25 creatures vanquished.

Notes
Turn   | Place    | Note
-------+----------+-------------------------------------------
     0 | D:1      | removed the Vine Stalker Fire Elementalist began the quest for the Orb.
     0 | D:1      | Reached XP level 1. HP: 9/9 MP: 4/4
   189 | D:1      | Reached XP level 2. HP: 13/13 MP: 0/6
  1073 | D:2      | Reached XP level 3. HP: 16/16 MP: 3/7
  1329 | D:2      | Slain by a jackal

Skill      XL: |  1  2  3 |
---------------+----------+-----
Conjurations   | 2 3 |  3.0
Dodging        | |  1.5
Stealth        | |  2.4
Spellcasting   | |  2.1
Fire Magic     | |  3.0

Action                   || total
-------------------------++-------
Melee: Dagger            ||    29
       Short sword       ||     2
       Bite              ||     4
 Cast: Flame Tongue      ||    37
  Eat: Chunk             ||     2
Armor: Robe              ||    19
Dodge: Dodged            ||    32
